 Dungeon Crawl Stone Soup version 0.27-a0-732-ga892ba84f6 (webtiles) character file.

Game seed: 13872406252363389744

1731 rocketpapaya the Quickloader (level 9, -7/45 (48) HPs)
             Began as a Kobold Hunter on Feb 14, 2021.
             Was a Follower of Dithmenos.
             Mangled by an ice beast (13 damage)
             ... on level 5 of the Dungeon on Mar 23, 2021.
             The game lasted 00:30:08 (8018 turns).

rocketpapaya the Quickloader (Kobold Hunter)        Turns: 8018, Time: 00:30:09

HP:   -7/45 (48)    AC:  5    Str:  9    XL:     9   Next: 25%
MP:   9/9           EV: 14    Int: 12    God:    Dithmenos [*.....]
Gold: 350           SH:  0    Dex: 19    Spells: 7/8 levels left

rFire    . . .     SeeInvis .   a - +1 hand crossbow
rCold    . . .     Faith    .   (shield restricted)
rNeg     . . .     Spirit   .   c - +1 leather armour
rPois    .         Reflect  .   (no helmet)
rElec    .         Harm     .   (no cloak)
rCorr    .         Rampage  .   B - +0 pair of gloves
Will     .....                  (no boots)
Stlth    ++++++....             (no amulet)
HPRegen  0.15/turn              (no ring)
MPRegen  0.11/turn              (no ring)

@: wreathed by umbra, drained
A: small, no large weapons, nightstalker 3
a: Renounce Religion


You were on level 5 of the Dungeon.
You worshipped Dithmenos.
Dithmenos was aware of your devotion.
You visited 1 branch of the dungeon, and saw 6 of its levels.

You collected 350 gold pieces.

Inventory:

Hand Weapons
 a - a +1 hand crossbow (weapon)
 l - a +2 dagger of draining
Missiles
 d - 35 bolts (quivered ammo)
Armour
 c - a +1 leather armour (worn)
 B - a +0 pair of gloves (worn)
Magical Staves
 e - a staff of cold
Jewellery
 q - an amulet of magic regeneration
Scrolls
 f - 2 scrolls of enchant armour
 g - a scroll of silence {unknown}
 m - 3 scrolls of identify
 o - a scroll of enchant weapon
 t - 4 scrolls of teleportation
 u - 3 scrolls of blinking {unknown}
 v - a scroll of immolation {unknown}
 w - a scroll of fear {unknown}
 x - a scroll of fog {unknown}
 y - a scroll of amnesia {unknown}
 A - a scroll of acquirement {unknown}
Potions
 b - 2 potions of ambrosia {unknown}
 h - 2 potions of curing
 i - a potion of magic {unknown}
 j - 2 potions of attraction {unknown}
 k - a potion of brilliance {unknown}
 n - 3 potions of might {unknown}
 p - a potion of flight {unknown}
 r - 3 potions of cancellation {unknown}
 s - 2 potions of heal wounds {unknown}
 z - a potion of degeneration {unknown}


   Skills:
 - Level 2.1 Fighting
 * Level 7.0 Short Blades
 - Level 10.0 Crossbows
 - Level 2.4 Dodging
 + Level 9.5 Stealth


You had 7 spell levels left.
You knew the following spells:

 Your Spells              Type           Power      Damage    Failure   Level
a - Corona                Hex            0%         N/A       43%         1

Your spell library contained the following spells:

 Spells                   Type           Power      Damage    Failure   Level
 Animate Skeleton         Necr           0%         N/A       43%         1
 Apportation              Tloc           0%         N/A       43%         1
 Summon Small Mammal      Summ           0%         N/A       43%         1


Dungeon Overview and Level Annotations

Branches:
Dungeon (6/15)
 Temple: D:4-7

Altars:
Cheibriados
Dithmenos
Fedhas
Ru

Annotations:
D:5 2 transporters
D:6 Edmund


Innate Abilities, Weirdness & Mutations

You are small and have problems with some larger weapons.
You are completely attuned to the shadows.


Message History

Press: ? - help, Q - select action, (/) - cycle Shift-Dir - straight line, f/p - ice beast
Aim: an ice beast (moderately wounded, umbra, 71% to hit)
You shoot a bolt. The bolt closely misses the ice beast.
The ice beast misses you.
Fire: 40 bolts
Press: ? - help, Q - select action, (/) - cycle Shift-Dir - straight line, f/p - ice beast
Aim: an ice beast (moderately wounded, umbra, 71% to hit)
You shoot a bolt. The bolt hits the ice beast.
The ice beast is moderately wounded.
The ice beast barely misses you.
Fire: 39 bolts
Press: ? - help, Q - select action, (/) - cycle Shift-Dir - straight line, f/p - ice beast
Aim: an ice beast (moderately wounded, umbra, 71% to hit)
You shoot a bolt. The bolt hits the ice beast!
The ice beast is heavily wounded.
The ice beast hits you. The ice beast freezes you!
* * * LOW HITPOINT WARNING * * *
Fire: 38 bolts
Press: ? - help, Q - select action, (/) - cycle Shift-Dir - straight line, f/p - ice beast
Aim: an ice beast (heavily wounded, umbra, 71% to hit)
You shoot a bolt. The bolt hits the ice beast.
The ice beast is severely wounded.
The ice beast closely misses you.
Fire: 37 bolts
Press: ? - help, Q - select action, (/) - cycle Shift-Dir - straight line, f/p - ice beast
Aim: an ice beast (severely wounded, umbra, 71% to hit)
You shoot a bolt.
The bolt hits the ice beast but does no damage.
The ice beast is severely wounded.
The ice beast closely misses you.
Fire: 36 bolts
Press: ? - help, Q - select action, (/) - cycle Shift-Dir - straight line, f/p - ice beast
Aim: an ice beast (severely wounded, umbra, 71% to hit)
You shoot a bolt.
The bolt hits the ice beast but does no damage.
The ice beast is severely wounded.
The ice beast hits you.
* * * LOW HITPOINT WARNING * * *
The ice beast freezes you!
You die...

##########.#.####.#.#....#.######
...........#.####.#.#....#.......
....................#....########
.###########.#..#.###.#.## .#
#.#..#.#.#.#.# .#####
#.#......#.#.#
.....#######.#.#.##.#.#.#########
####..............>..............
#(.#######.....#@...#.#.#########
....##..##.....#Y...#.#..........
....'....###.#Y#(...#.#.#########
#).##....# #.#.#...##.#...#######
'#####..####....(.....#.#........
##...##'#..###.#...####.#########
#.....##....##.#.#.####..........
.......'....##.#.#.....##########
...8...##..###.#.................


You could see an ice beast.

Vanquished Creatures
  3 ogres
  A centaur (D:5)
  A scorpion (D:4)
  3 wights (D:6)
  A howler monkey (D:5)
  A bullfrog zombie (D:6)
  5 orc priests
  A bullfrog skeleton (D:5)
  5 hounds
  A centaur skeleton (D:6)
  5 iguanas
  Jessica (D:2)
  5 worker ants
  4 orc wizards
  Natasha (thrice) (D:2)
  A killer bee zombie (D:5)
  A hound skeleton (D:5)
  A worker ant zombie (D:5)
  3 gnolls (D:2)
  14 adders
  3 shadow imps (D:5)
  2 white imps
  An ooze (D:3)
  An adder skeleton (D:5)
  2 dart slugs
  27 orcs
  4 removed leopard geckos
  9 giant cockroaches
  9 goblins
  7 hobgoblins
  4 jackals
  5 kobolds
  4 quokkas
  4 ball pythons
  6 bats
  7 frilled lizards
  2 jackal skeletons (D:5)
  4 rats
161 creatures vanquished.

Notes
Turn   | Place    | Note
-------+----------+-------------------------------------------
     0 | D:1      | rocketpapaya the Kobold Hunter began the quest for the Orb.
     0 | D:1      | Reached XP level 1. HP: 12/12 MP: 1/1
   504 | D:1      | Reached skill level 5 in Crossbows
   686 | D:1      | Reached XP level 2. HP: 17/17 MP: 2/2
   914 | D:1      | Reached XP level 3. HP: 18/21 MP: 3/3
  1198 | D:2      | Noticed Jessica
  1224 | D:2      | HP: 1/21 [Jessica/nerve-wracking pain (10)]
  1225 | D:2      | Killed Jessica
  1226 | D:2      | Reached skill level 6 in Crossbows
  1226 | D:2      | Reached XP level 4. HP: 1/26 MP: 4/4
  1826 | D:2      | Noticed Natasha
  1841 | D:2      | Reached XP level 5. HP: 30/30 MP: 5/5
  1894 | D:2      | Killed Natasha
  2051 | D:2      | Found a faded altar of an unknown god.
  2169 | D:3      | Reached skill level 7 in Crossbows
  2357 | D:2      | Noticed Natasha
  2373 | D:2      | Killed Natasha
  2374 | D:2      | Reached XP level 6. HP: 12/35 MP: 6/6
  2511 | D:2      | Noticed Natasha
  2514 | D:2      | Killed Natasha
  2755 | D:3      | Found a blossoming altar of Fedhas.
  2958 | D:3      | Reached skill level 5 in Stealth
  3152 | D:4      | Noticed an ogre
  3158 | D:4      | Killed an ogre
  3159 | D:4      | Reached skill level 8 in Crossbows
  3174 | D:4      | Reached XP level 7. HP: 37/40 MP: 7/7
  3408 | D:4      | Reached skill level 9 in Crossbows
  3671 | D:4      | Reached XP level 8. HP: 16/44 MP: 8/8
  4566 | D:5      | Entered Level 5 of the Dungeon
  4584 | D:5      | Found a shadowy altar of Dithmenos.
  4631 | D:5      | Reached skill level 10 in Crossbows
  4664 | D:5      | Became a worshipper of Dithmenos the Shadowed
  4778 | D:5      | Reached skill level 1 in Short Blades
  4936 | D:5      | Learned a level 1 spell: Corona
  6192 | D:5      | Found a sacrificial altar of Ru.
  6690 | D:5      | Reached * piety under Dithmenos
  6825 | D:5      | Reached skill level 5 in Short Blades
  6825 | D:5      | Reached XP level 9. HP: 35/48 MP: 9/9
  7110 | D:5      | Found a snail-covered altar of Cheibriados.
  7155 | D:5      | Found a transporter.
  7167 | D:5      | Found a transporter.
  7814 | D:6      | Noticed Edmund
  8011 | D:5      | Upgraded the game from 0.27-a0-343-gfcad680f63 to
                  | 0.27-a0-732-ga892ba84f6
  8018 | D:5      | Mangled by an ice beast

Illustrated notes

Levels and vault maps discovered:
D:1:      minmay_arrival_hallway, layout_basic
D:2:      layout_rooms, chequers_ecumenical_altar_island, uniq_natasha,
          uniq_jessica
D:3:      layout_rooms, fedhas_altar_fruit_tree
D:4:      layout_rooms, kennysheep_generic_room_9
D:5:      minmay_bubble_buster, layout_basic, gammafunk_temple_overflow_arena,
          nicolae_ru_path_of_blood, minmay_crystal_room, grunt_dithmenos_smoke
D:6:      layout_rooms, minmay_temple_entry_glass, uniq_edmund

Skill      XL: |  1  2  3  4  5  6  7  8  9 |
---------------+----------------------------+-----
Crossbows      | 5 6 7 8 9 10 | 10.0
Stealth        | 2 3 4 5 6 8 9 |  9.5
Short Blades   | 5 7 |  7.0
Fighting       | |  2.1
Dodging        | |  2.4

Action                   |  1- 3 |  4- 6 |  7- 9 || total
-------------------------+-------+-------+-------++-------
Melee: Short sword       |    20 |       |       ||    20
       Dagger            |    34 |   116 |   410 ||   560
 Fire: Hand crossbow     |    11 |    36 |    87 ||   134
       Hunting sling     |     8 |       |       ||     8
Throw: Throwing net      |       |     1 |       ||     1
 Cast: Corona            |       |       |     1 ||     1
  Use: Scroll            |       |       |     6 ||     6
       Potion            |       |       |     6 ||     6
 Stab: Sleeping          |     3 |     7 |    20 ||    30
       Distracted        |     1 |     1 |     2 ||     4
       Invisible         |       |       |     2 ||     2
Armor: Leather armour    |    12 |    20 |    57 ||    89
Dodge: Dodged            |    43 |    86 |   328 ||   457

Table legend: (Time is in decaauts)
 A = Elapsed time spent in this place.
 B = Non-inter-level travel time spent in this place.
 C = Inter-level travel time spent in this place.
 D = Time resting spent in this place.
 E = Time spent auto-exploring this place.
 F = Levels seen in this place.
 G = Mean time per level.
                   A        B        C        D        E       F      G
               +--------+--------+--------+--------+--------+-----+--------+
         Total |   7934 |   7800 |    134 |   2589 |   3198 |   6 | 1322.3 |
       Dungeon |   7934 |   7800 |    134 |   2589 |   3198 |   6 | 1322.3 |
               +--------+--------+--------+--------+--------+-----+--------+

Top non-repeatable levels by time:
     D:5: 2631 daAuts
     D:4: 1667 daAuts
     D:1: 1432 daAuts
     D:2: 1140 daAuts
     D:3: 579 daAuts
     D:6: 482 daAuts
